 Dungeon Sprint DCSS version 0.31-a0-37-g98a128e1d9 (webtiles) character file.

Game seed: 15389042293963730706

148 bmack86 the Cleaver (level 8, -1/80 HPs)
             Began as a Minotaur Fighter on May 15, 2023.
             Was a Priest of Okawaru.
             Slain by an eight-headed hydra (8 damage)
             ... summoned by a witch
             ... in the Dungeon (Sprint VI: "Thunderdome").
             The game lasted 00:12:37 (763 turns).

bmack86 the Cleaver (Minotaur Fighter)               Turns: 763, Time: 00:12:37

Health: -1/80      AC: 10    Str: 23    XL:     8   Next: 78%
Magic:  0/12       EV: 12    Int:  5    God:    Okawaru [***...]
Gold:   165        SH:  8    Dex: 15    Spells: 7/7 levels left

rFire   . . .        d - +0 broad axe
rCold   . . .        c - +0 buckler
rNeg    . . .        b - +0 scale mail
rPois   .            (helmet restricted)
rElec   .            (no cloak)
rCorr   +            (no gloves)
SInv    .            (no boots)
Will    .....        o - amulet of the Lion {Spirit rCorr Dex+5}
Stlth   ++           (no ring)
HPRegen 0.33/turn    (no ring)
MPRegen 0.13/turn

%: no teleportation, guardian spirit
@: heroic, hasted, very quick
A: horns 2, retaliatory headbutt
a: Renounce Religion, Heroism


You were in the Dungeon.
You worshipped Okawaru.
Okawaru was most pleased with you.
You visited 1 branch You collected 420 gold pieces.
You spent 255 gold pieces at shops.

Inventory:

Hand Weapons
 a - a +0 war axe
 d - a +0 broad axe (weapon)
Armour
 b - a +0 scale mail (worn)
 c - a +0 buckler (worn)
Jewellery
 o - the amulet of the Lion (around neck) {Spirit rCorr Dex+5}
   (You bought it in a shop in the Dungeon)

   [amulet of guardian spirit]

   It causes incoming damage to be divided between your reserves of health and
   magic.
   Dex:       It affects your dexterity (+5).
   rCorr:     It protects you from acid and corrosion.
 p - the ring "Doirph" {rPois rF- rCorr EV+5}
   (You bought it in a shop in the Dungeon)

   [ring of evasion]

   EV:        It affects your evasion (+5).
   rF:        It makes you vulnerable to fire.
   rPois:     It protects you from poison.
   rCorr:     It protects you from acid and corrosion.
 q - the ring "Exzuim" {Wiz +Blink Int+4 Dex+2}
   (You bought it in a shop in the Dungeon)

   [ring of wizardry]

   It improves your spell success rate.
   Int:       It affects your intelligence (+4).
   Dex:       It affects your dexterity (+2).
   +Blink:    It lets you blink.
Wands
 k - a wand of iceblast (5)
 l - a wand of quicksilver (5)
Scrolls
 j - 4 scrolls of blinking
 m - 3 scrolls of fog
Potions
 f - 4 potions of heal wounds
 g - 3 potions of haste
 h - 2 potions of magic
 i - a potion of berserk rage
 n - a potion of resistance


   Skills:
 + Level 10.5(15.5) Fighting
 * Level 14.0(19.0) Axes
 + Level 10.6(15.6) Armour
 + Level 10.6(15.6) Shields
 + Level 7.0 Invocations


You had 7 spell levels left.
You didn't know any spells.
Your spell library was empty.

Dungeon Overview and Level Annotations

Branches:
Dungeon (1/1)

Altars:
Cheibriados
Dithmenos
Fedhas
Gozag
Kikubaaqudgha
Makhleb
Okawaru
Qazlal
Ru
Sif Muna
Trog
Uskayaw
Vehumet
Wu Jian
Xom
Yredelemnul
Zin
The Shining One
Lugonu

Shops:
D *[??*?*:[((!!!!


Innate Abilities, Weirdness & Mutations

You have a pair of horns on your head.
You reflexively headbutt those who attack you in melee.


Message History

You hit the seven-headed hydra. The six-headed hydra bites you.
The six-headed hydra barely misses you. The six-headed hydra bites you.
The six-headed hydra barely misses you. x2
The six-headed hydra bites you but does no damage.
The seven-headed hydra bites you.
The seven-headed hydra closely misses you.
The seven-headed hydra bites you! The seven-headed hydra bites you. x4
You slice one of the six-headed hydra's heads off!
The five-headed hydra grows two more!
You slash the seven-headed hydra! You headbutt the seven-headed hydra!
The seven-headed hydra is moderately wounded.
You chop one of the seven-headed hydra's heads off!
The six-headed hydra grows two more!
You slash the eight-headed hydra!
Unknown command.
You completely miss the seven-headed hydra.
The seven-headed hydra is moderately wounded.
You hit something.
You chop one of the eight-headed hydra's heads off!
The seven-headed hydra grows two more!
You slash the nine-headed hydra!
The nine-headed hydra disappears in a puff of smoke!
The seven-headed hydra bites you! The seven-headed hydra bites you.
* * * LOW HITPOINT WARNING * * *
The seven-headed hydra closely misses you.
The seven-headed hydra bites you!
* * * LOW HITPOINT WARNING * * *
You block the seven-headed hydra's attack.
The seven-headed hydra bites you but does no damage. x2
You slice one of the seven-headed hydra's heads off!
The six-headed hydra grows two more!
You slice the eight-headed hydra!!
The eight-headed hydra is moderately wounded.
You barely miss something. Something hits you but does no damage.
You hit the eight-headed hydra.
The eight-headed hydra is moderately wounded.
You slash something!
You block the eight-headed hydra's attack.
The eight-headed hydra bites you!
* * * LOW HITPOINT WARNING * * *
You block the eight-headed hydra's attack.
The eight-headed hydra bites you!
You die...

#⌠..........###...###.........
#⌠..........# #.<.# #.........
#⌠..........###...###.........
##.............###............
###∩........8.# #.8........∩#
##∩___......###......___∩##
######.8.††......8.######
#⌠.{D§.......⌠#
###.@.......### #_........#
#_........# #_......._#
#∩.......∩# ##∩.....∩##
##.....## ##⌠⌠⌠## #####


You could see an eight-headed hydra (summoned).

Vanquished Creatures
  A bog body (D)
  3 jumping spiders (D)
  An air elemental (D)
  5 sky beasts (D)
  3 scorpions (D)
  A river rat (D)
  A worm (D)
  3 giant cockroaches (D)
  3 quokkas (D)
  A rat (D)
22 creatures vanquished.

Notes
Turn   | Place    | Note
-------+----------+-------------------------------------------
     0 | D        | bmack86 the Minotaur Fighter began the quest for the Orb.
     0 | D        | Reached XP level 1. HP: 19/19 MP: 0/0
     2 | D        | Found a corrupted altar of Lugonu.
     2 | D        | Found a burning altar of Makhleb.
     3 | D        | Found a basalt altar of Yredelemnul.
     3 | D        | Found a shadowy altar of Dithmenos.
     4 | D        | Found a shimmering blue altar of Sif Muna.
     4 | D        | Found a snail-covered altar of Cheibriados.
     5 | D        | Found an iron altar of Okawaru.
     5 | D        | Found a glowing golden altar of the Shining One.
     5 | D        | Found Azxeps's Identification Station.
     5 | D        | Round 1.
     6 | D        | Found Usiemu's Jewellery.
     6 | D        | Found Aqinwoqiske's Advanced Armour.
    21 | D        | Reached skill level 3 in Axes
    21 | D        | Reached XP level 2. HP: 6/27 MP: 1/1
   109 | D        | Bought a pitted bronze amulet for 45 gold pieces
   109 | D        | Identified the amulet of the Lion {Spirit rCorr Dex+5} (You
                  | bought it in a shop in the Dungeon)
   109 | D        | Bought a scintillating steel ring for 45 gold pieces
   109 | D        | Identified the ring "Doirph" {rPois rF- rCorr EV+5} (You
                  | bought it in a shop in the Dungeon)
   109 | D        | Bought a heavily runed golden ring for 45 gold pieces
   109 | D        | Identified the ring "Exzuim" {Wiz +Blink Int+4 Dex+2} (You
                  | bought it in a shop in the Dungeon)
   125 | D        | Found a sacrificial altar of Ru.
   127 | D        | Found a stormy altar of Qazlal.
   127 | D        | Found an opulent altar of Gozag.
   130 | D        | Reached skill level 4 in Axes
   130 | D        | Found Xeejobubepn's Premium Goods.
   132 | D        | Found Osuepero's Miscellaneous Merchandise.
   132 | D        | Found Oruoses's Basic Armour.
   133 | D        | Found Qoroveij's Weapon Rack.
   142 | D        | Found a radiant altar of Vehumet.
   170 | D        | Arena points: 12 (+12) [x2]
   179 | D        | Found an ancient bone altar of Kikubaaqudgha.
   180 | D        | Found a hide-covered altar of Uskayaw.
   181 | D        | Found Wozxuch's Do-It-Yourself Clinic.
   183 | D        | Found Geysy's Bottled Wisdom.
   183 | D        | Found Nivejah's Distillery.
   184 | D        | Found a glowing silver altar of Zin.
   184 | D        | Found a bloodstained altar of Trog.
   184 | D        | Found a blossoming altar of Fedhas.
   184 | D        | Found Bafav's Distillery.
   200 | D        | Round 2.
   207 | D        | Found a shimmering altar of Xom.
   211 | D        | Found Gankup's Staff Store.
   213 | D        | Found Elaisken's Must-Have Magic.
   213 | D        | Found Qaigg's Magic Scroll Shop.
   220 | D        | Found an ornate altar of the Wu Jian Council.
   220 | D        | Found Namni's Magic Scroll Shop.
   322 | D        | Arena points: 22 (+10) [x1]
   337 | D        | Round 3.
   340 | D        | Noticed a scorpion
   345 | D        | Killed a scorpion
   346 | D        | Reached skill level 5 in Fighting
   346 | D        | Reached skill level 6 in Axes
   346 | D        | Reached skill level 5 in Armour
   346 | D        | Reached skill level 5 in Shields
   346 | D        | Reached XP level 3. HP: 31/37 MP: 2/2
   346 | D        | Reached XP level 4. HP: 37/44 MP: 3/3
   354 | D        | Noticed a scorpion
   357 | D        | Killed a scorpion
   358 | D        | Reached skill level 7 in Axes
   358 | D        | Reached XP level 5. HP: 35/51 MP: 2/4
   419 | D        | Became a worshipper of Warmaster Okawaru
   440 | D        | Noticed a jumping spider
   454 | D        | Noticed a jumping spider
   454 | D        | Noticed a jumping spider
   456 | D        | Killed a jumping spider
   457 | D        | Reached skill level 9 in Axes
   457 | D        | Reached XP level 6. HP: 46/60 MP: 3/7
   460 | D        | Killed a jumping spider
   460 | D        | Reached * piety under Okawaru
   461 | D        | Reached skill level 10 in Axes
   462 | D        | Killed a jumping spider
   463 | D        | Reached skill level 11 in Axes
   463 | D        | Reached XP level 7. HP: 31/69 MP: 2/9
   467 | D        | Arena points: 64 (+42) [x2]
   521 | D        | Round 4.
   533 | D        | Reached ** piety under Okawaru
   534 | D        | Reached skill level 12 in Axes
   534 | D        | Reached skill level 5 in Invocations
   606 | D        | Reached XP level 8. HP: 53/78 MP: 6/11
   645 | D        | Noticed an air elemental
   649 | D        | Killed an air elemental
   650 | D        | Reached skill level 13 in Axes
   650 | D        | Reached skill level 10 in Shields
   668 | D        | Arena points: 148 (+84) [x3]
   669 | D        | Reached skill level 10 in Armour
   712 | D        | Bought a +0 broad axe for 120 gold pieces
   721 | D        | Round 5.
   740 | D        | Noticed a witch
   741 | D        | Noticed a bog body
   744 | D        | Noticed a four-headed hydra
   746 | D        | Noticed a six-headed hydra
   750 | D        | Killed a bog body
   750 | D        | Reached *** piety under Okawaru
   751 | D        | Reached skill level 10 in Fighting
   751 | D        | Reached skill level 14 in Axes
   757 | D        | Noticed a five-headed hydra
   763 | D        | Slain by an eight-headed hydra

Illustrated notes

Levels and vault maps discovered:
D:        arena_sprint

Skill      XL: |  1  2  3  4  5  6  7  8 |
---------------+-------------------------+-----
Fighting       | 4 5 6 7 8 9 10 | 10.5
Axes           | 3 6 7 9 11 12 14 | 14.0
Armour         | 4 5 6 7 8 9 10 | 10.6
Shields        | 4 5 6 7 9 10 | 10.6
Invocations    | 2 4 5 7 |  7.0

Action                     |  1- 3 |  4- 6 |  7- 9 || total
---------------------------+-------+-------+-------++-------
  Melee: War axe           |    24 |    12 |    26 ||    62
         Headbutt          |     4 |     4 |     8 ||    16
         Broad axe         |       |       |    14 ||    14
 Invoke: Heroism           |       |       |     1 ||     1
    Use: Potion            |       |     2 |     1 ||     3
 Armour: Scale mail        |     8 |     7 |    17 ||    32
  Dodge: Dodged            |     6 |     8 |    14 ||    28
  Block: Buckler           |     4 |     8 |    21 ||    33

Table legend: (Time is in decaauts)
 A = Elapsed time spent in this place.
 B = Non-inter-level travel time spent in this place.
 C = Inter-level travel time spent in this place.
 D = Time resting spent in this place.
 E = Time spent auto-exploring this place.
 F = Levels seen in this place.
 G = Mean time per level.
                   A        B        C        D        E       F      G
               +--------+--------+--------+--------+--------+-----+--------+
         Total |    760 |    754 |      6 |    136 |      0 |   1 |  760.0 |
       Dungeon |    760 |    754 |      6 |    136 |      0 |   1 |  760.0 |
               +--------+--------+--------+--------+--------+-----+--------+

Top non-repeatable levels by time:
       D: 760 daAuts
